cohdb
Replays
Latest Replays
All Replays
Popular Replays
Top Player Replays
Match Explorer
How It Works
Community
CoH3 Stats
Reddit
Sign in to upload your games and track your stats! →
Sign in with Steam
Match 41764715
Unlisted
Match 41764715
Overview
Messages
Build Orders
End
Construct Barracks
Scout Squad
Selects Armored Battlegroup
Selects Veteran Crews
1⁄4-ton 4x4 Truck
Riflemen Squad
Engineer Squad
Riflemen Squad
Riflemen Squad
Selects Fast Deploy
Grenade Package
Infantry Support Center
Construct Medical Station
Construct Motor Pool
Selects M8 Scott SPG
M8 Greyhound Armored Car
M1 Anti-tank Gun Team
M1918 Browning Automatic Rifles
M1 Mortar Team
Riflemen Squad
BigTiddyLebron
kreumat
jeremerida
gammy
0
0
Comments
sign in to comment!
No comments posted yet!